 Dungeon Crawl Stone Soup version 0.27-a0-1105-g946c659c87 (webtiles) character file.

Game seed: 1311326428793483651

4361 robertstho the Thaumaturge (level 10, -23/64 HPs)
             Began as a Djinni Fire Elementalist on Apr 30, 2021.
             Was an Initiate of Ashenzari.
             Annihilated by a death yak (26 damage)
             ... on level 7 of the Dungeon.
             The game lasted 00:17:32 (11344 turns).

robertstho the Thaumaturge (DjFE)                  Turns: 11344, Time: 00:17:32

Health: -23/64     AC:  7    Str:  7    XL:     10   Next: 34%
Gold:   455        EV: 13    Int: 31    God:    Ashenzari [......] SH:  0 Dex: 15

rFire    + + .     SeeInvis .   s - +3 rapier "Hydrabane" {protect, rElec}
rCold    x . .     Faith    .   (no shield)
rNeg     . . .     Spirit   .   a - +0 robe
rPois    ∞         Reflect  .   f - +0 helmet
rElec    +         Harm     .   q - +0 cloak
rCorr    .         Rampage  .   h - +2 pair of gloves
Will     +....                  (boots unavailable)
Stlth    +++.......             (no amulet)
HPRegen  0.20/turn              y - +6 ring of intelligence
MPRegen  0.00/turn              g - +6 ring of intelligence

@: flying, hasted, very quick
A: fire resistance 2, cold vulnerability 1, float, innate caster, hp casting,
extra vitality 1
a: Renounce Religion, Curse Item


You were on level 7 of the Dungeon.
You worshipped Ashenzari.
Ashenzari was noncommittal.
You visited 2 branches of the dungeon, and saw 9 of its levels.

You collected 455 gold pieces.

Inventory:

Hand Weapons
 m - a +2 dagger of holy wrath
 r - a +1 dagger of venom
 s - the +3 rapier "Hydrabane" (weapon) {protect, rElec}
   (You took it off an orc on level 4 of the Dungeon)

   It grants its wielder temporary protection when it strikes (+7 to AC).
   It insulates you from electricity.
 x - the +7 halberd of Hacking and Slashing {venom, rPois rN++ Str-5}
   (You found it on level 5 of the Dungeon)

   It poisons the flesh of those it strikes.
   It affects your strength (-5).
   It protects you from poison.
   It greatly protects you from negative energy.
Missiles
 u - 4 throwing nets
Armour
 a - a +0 robe (worn)
 f - a +0 helmet (worn)
 h - a +2 pair of gloves (worn)
 q - a +0 cloak (worn)
Jewellery
 g - a +6 ring of intelligence (right hand)
 i - a ring of ice
 o - a ring of willpower
 y - a +6 ring of intelligence (left hand)
Wands
 j - a wand of paralysis (8)
Scrolls
 b - a scroll of brand weapon
 e - 4 scrolls of teleportation
 n - 2 scrolls of enchant weapon
 t - a scroll of enchant armour
 z - a scroll of magic mapping
 A - a scroll of immolation
Potions
 d - a potion of brilliance
 v - a potion of resistance
 w - a potion of cancellation


   Skills:
 + Level 2.0 Fighting
 + Level 1.6 Short Blades
 + Level 4.1 Dodging
 + Level 4.8 Stealth
 + Level 11.2 Spellcasting


You had 5 spell levels left.
You knew the following spells:

 Your Spells              Type           Power      Damage    Failure   Level
a - Foxfire               Conj/Fire      100%       2x1d9     1%          1
b - Conjure Flame         Conj/Fire      72%        6-21      1%          3
c - Inner Flame           Hex/Fire       72%        N/A       1%          3
d - Sticky Flame          Conj/Fire      72%        2d9       1%          4
e - Fireball              Conj/Fire      36%        3d15      1%          5
f - Animate Skeleton      Necr           100%       N/A       1%          1
g - Corpse Rot            Necr/Air       N/A        N/A       1%          2
h - Gell's Gravitas       Tloc           36%        N/A       1%          3
i - Dispel Undead         Necr           72%        3d24      1%          4
Your spell library was empty.

Dungeon Overview and Level Annotations

Branches:
Dungeon (8/15)             Temple (1/1) D:7
   Lair: D:8-11

Altars:
Ashenzari
Cheibriados
Dithmenos
Elyvilon
Fedhas
Kikubaaqudgha
Makhleb
Ru
Uskayaw
Vehumet
Wu Jian
The Shining One

Annotations:
D:3 2 transporters
D:6 2 transporters, Demosthentine's ghost, novice MfGl


Innate Abilities, Weirdness & Mutations

You are immune to poison.
Your flesh is very heat resistant. (rF++)
You are vulnerable to cold. (rC-)
You float through the air rather than walking.
You learn spells naturally, not from books.
Your magical power is your life essence.
You have superior vitality. (+4 HP)


Message History

You hear an angry hiss.
You hear a shout!
A wyvern comes into view.
Your Spellcasting skill increases to level 11!
Unknown command.
Casting: Fireball (dangerous; 1% risk of failure)
Confirm with . or Enter, or press ? or * to list all spells.
Aiming: Sticky Flame (safe; 1% risk of failure)
Press: ? - help, Shift-Dir - straight line, f - ice beast
Aim: an ice beast (100% to hit)
The sticky flame hits the ice beast!
The ice beast melts!
The ice beast is heavily wounded.
The ice beast is covered in liquid flames!
The ice beast burns!
The wyvern bites you.
A death yak comes into view.
The ice beast hits you. The ice beast freezes you!!
You feel a terrible chill!
* * * LOW HITPOINT WARNING * * *
The ice beast burns!
You feel much better.
The ice beast burns!
You kill the ice beast!
The wyvern bites you!
Casting: Sticky Flame (safe; 1% risk of failure)
Confirm with . or Enter, or press ? or * to list all spells.
Aiming: Sticky Flame (safe; 1% risk of failure)
Press: ? - help, Shift-Dir - straight line, f - wyvern
Aim: a wyvern (100% to hit)
The sticky flame hits the wyvern.
The wyvern is lightly wounded.
The wyvern is covered in liquid flames!
* * * LOW HITPOINT WARNING * * *
The wyvern burns!
The wyvern bites you.
* * * LOW HITPOINT WARNING * * *
You see here 24 arrows.
There is a stone staircase leading up here.
The death yak gores you!
* * * LOW HITPOINT WARNING * * *
You fly upwards.
There is a stone staircase leading down here.
Okay, then.
You feel yourself speed up. The death yak gores you!!
You die...

.......)...............#
.......##########.#.##.# ..>##..#
#.#.##(# .......# #...##.#
..##..####### #>.###.#
......#.....# ##..###.#
.###..#.....# #.......#
#####[#.....# #Y#.##.##
#.##..#.....# #@#.##.#
............# #....#.#
.[>..#..#.### #.#.##.#
..[.###.#.# #.#.##.# ##..###...#
#......# ###..##..##
###.#############
...#..##..########.#####.......##
........#................####....
#.#.#.#.......###..............##


You could see a death yak.

Vanquished Creatures
  A death yak (D:8)
  Eustachio (D:6)
  2 sky beasts
  3 hornet zombies
  2 ice beasts (D:8)
  2 orc warriors (D:7)
  2 black bears
  A necrophage (D:7)
  2 ogres (D:7)
  2 centaurs
  A kobold brigand (D:8)
  3 gnoll sergeants
  A bullfrog (D:7)
  3 scorpions
  A water moccasin skeleton (D:4)
  4 wights (D:8)
  5 killer bees (D:7)
  2 howler monkeys
  A centaur zombie (D:7)
  8 hounds
  4 gnoll shamans
  5 orc priests
  2 centaur skeletons
  4 iguanas
  5 orc wizards (D:5)
  A killer bee zombie (D:6)
  2 hound skeletons (D:4)
  Robin (D:2)
  12 gnolls
  5 adders
  A white imp (D:5)
  An adder zombie (D:5)
  A worm (D:2)
  2 dart slugs
  36 orcs
  A ball python (D:1)
  6 bats
  3 endoplasms
  6 giant cockroaches
  17 goblins
  15 hobgoblins
  9 jackals
  18 kobolds
  3 quokkas
  A frilled lizard (D:3)
  2 rats (D:2)
210 creatures vanquished.

Vanquished Creatures (collateral kills)
  A foxfire (D:5)
1 creature vanquished.

Vanquished Creatures (others)
  737 foxfires
  19 plants
756 creatures vanquished.

Grand Total: 967 creatures vanquished

Notes
Turn   | Place    | Note
-------+----------+-------------------------------------------
     0 | D:1      | robertstho the Djinni Fire Elementalist began the quest for
                  | the Orb.
     0 | D:1      | Reached XP level 1. HP: 15/15 MP: 0/0
   273 | D:1      | Reached skill level 3 in Spellcasting
   273 | D:1      | Reached XP level 2. HP: 19/21 MP: 0/0
   324 | D:1      | Found a faded altar of an unknown god.
  1342 | D:2      | Reached XP level 3. HP: 20/25 MP: 0/0
  1342 | D:2      | Learned a level 1 spell: Animate Skeleton
  2364 | D:3      | Noticed Robin
  2381 | D:2      | Reached XP level 4. HP: 21/31 MP: 0/0
  2384 | D:2      | Killed Robin
  2572 | D:2      | Reached skill level 4 in Spellcasting
  3123 | D:3      | Found a transporter.
  3131 | D:3      | Found a transporter.
  3497 | D:3      | Reached XP level 5. HP: 34/35 MP: 0/0
  3497 | D:3      | Learned a level 2 spell: Corpse Rot
  3833 | D:3      | Found a sacrificial altar of Ru.
  4169 | D:4      | Identified the +3 rapier "Hydrabane" {protect, rElec}
  4184 | D:4      | Reached skill level 5 in Spellcasting
  4220 | D:4      | Reached XP level 6. HP: 13/40 MP: 0/0
  4843 | D:4      | Noticed a +0 short sword
  4844 | D:4      | Noticed a +0 dagger
  4846 | D:4      | Noticed a +0 dagger
  4852 | D:4      | Reached XP level 7. HP: 38/45 MP: 0/0
  4852 | D:4      | Learned a level 3 spell: Gell's Gravitas
  4876 | D:4      | Noticed a +0 falchion
  4894 | D:4      | Noticed a +0 short sword
  4895 | D:4      | Noticed a +0 spear
  4913 | D:4      | Noticed a +0 spear
  4914 | D:4      | Noticed a +0 falchion
  4927 | D:4      | Found a hide-covered altar of Uskayaw.
  5287 | D:5      | Entered Level 5 of the Dungeon
  5308 | D:5      | Reached skill level 6 in Spellcasting
  5561 | D:5      | Reached skill level 7 in Spellcasting
  5957 | D:5      | Reached XP level 8. HP: 38/50 MP: 0/0
  6276 | D:5      | Found an ornate altar of the Wu Jian Council.
  6316 | D:5      | Identified the +7 halberd of Hacking and Slashing {venom,
                  | rPois rN++ Str-5}
  6787 | D:5      | Reached skill level 8 in Spellcasting
  7365 | D:6      | Found a shadowy altar of Dithmenos.
  7390 | D:6      | Noticed Eustachio
  7408 | D:6      | Killed Eustachio
  7701 | D:6      | Reached skill level 9 in Spellcasting
  7939 | D:6      | Found a transporter.
  7942 | D:6      | Found a transporter.
  7948 | D:6      | Noticed Demosthentine's ghost (novice MfGl)
  8081 | D:6      | Reached skill level 1 in Fighting
  8081 | D:6      | Reached XP level 9. HP: 53/57 MP: 0/0
  8081 | D:6      | Learned a level 4 spell: Dispel Undead
  8385 | D:6      | Found a white marble altar of Elyvilon.
  8557 | D:7      | Reached skill level 1 in Short Blades
  8930 | D:7      | Found a staircase to the Ecumenical Temple.
  9163 | Temple   | Entered the Ecumenical Temple
  9171 | Temple   | Became a worshipper of Ashenzari the Shackled
  9560 | D:7      | Reached skill level 10 in Spellcasting
 10433 | D:7      | Reached XP level 10. HP: 48/64 MP: 0/0
 11325 | D:8      | Noticed a death yak
 11330 | D:8      | Noticed a death yak
 11331 | D:8      | Killed a death yak
 11332 | D:8      | Reached skill level 11 in Spellcasting
 11332 | D:8      | Noticed a death yak
 11342 | D:8      | HP: 2/64 [death yak (15)]
 11344 | D:7      | Annihilated by a death yak

Illustrated notes

Levels and vault maps discovered:
D:1:      amcnicky_arrival_abandoned_market, layout_rooms,
          hellmonk_ecumenical_altar_lost_god
D:2:      layout_loops_ring
D:3:      gammafunk_steamed_eel, layout_rooms, marbit_many_paths,
          minmay_pentangle, uniq_robin
D:4:      layout_rooms, nicolae_uskayaw_en_pointe, item_on_display_a
D:5:      layout_gridville, nicolae_overflow_hidden_temple, cheibrodos_gnoll_hut
D:6:      layout_rooms, nicolae_dithmenos_shadow_blocks, elyvilon_altar_5,
          gammafunk_ghost_gnarly_gnolls, uniq_eustachio
D:7:      kennysheep_housing_project, layout_loops_cross,
          minmay_temple_entry_wispy, minivault_19
D:8:      layout_basic, lemuel_round_altar, nicolae_hepliaklqana_hippocampus,
          dpeg_lair_monsters
Temple:   eino_temple_lava

Skill      XL: |  1  2  3  4  5  6  7  8  9 10 |
---------------+-------------------------------+-----
Spellcasting   | 3 4 5 7 9 10 11 | 11.2
Stealth        | 2 3 4 |  4.8
Dodging        | 3 4 |  4.1
Fighting       | 1 2 |  2.0
Short Blades   | 1 |  1.6

Action                   |  1- 3 |  4- 6 |  7- 9 | 10-12 || total
-------------------------+-------+-------+-------+-------++-------
Melee: Rapier            |       |       |    11 |       ||    11
 Cast: Foxfire           |    94 |   142 |   212 |       ||   448
       Sticky Flame      |       |     2 |    15 |     2 ||    19
       Fireball          |       |       |    51 |    18 ||    69
  Use: Potion            |     2 |       |     1 |     2 ||     5
       Scroll            |     2 |       |       |       ||     2
Armor: Robe              |     8 |     4 |    21 |       ||    33
Dodge: Dodged            |    13 |    20 |    38 |       ||    71

Table legend: (Time is in decaauts)
 A = Elapsed time spent in this place.
 B = Non-inter-level travel time spent in this place.
 C = Inter-level travel time spent in this place.
 D = Time resting spent in this place.
 E = Time spent auto-exploring this place.
 F = Levels seen in this place.
 G = Mean time per level.
                   A        B        C        D        E       F      G
               +--------+--------+--------+--------+--------+-----+--------+
         Total |  11345 |  10986 |    359 |    534 |   9201 |   9 | 1260.6 |
       Dungeon |  11328 |  10978 |    350 |    534 |   9201 |   8 | 1416.0 |
        Temple |     16 |      8 |      8 |      0 |      0 |   1 |   16.0 |
               +--------+--------+--------+--------+--------+-----+--------+

Top non-repeatable levels by time:
     D:7: 2531 daAuts
     D:5: 2070 daAuts
     D:2: 1944 daAuts
     D:3: 1820 daAuts
     D:6: 1169 daAuts
     D:1: 818 daAuts
     D:4: 705 daAuts
     D:8: 267 daAuts
  Temple: 16 daAuts
